 Dungeon Crawl Stone Soup version 0.20.1-1-g8b1a95d (webtiles) character file.

1374 tidbits the Fighter (level 8, -4/71 HPs)
             Began as a Demonspawn Summoner on Aug 18, 2017.
             Was a Follower of Uskayaw.
             Slain by a sky beast (5 damage)
             ... on level 7 of the Dungeon.
             The game lasted 00:33:13 (3388 turns).

tidbits the Fighter (Demonspawn Summoner)           Turns: 3388, Time: 00:33:13

Health: -4/71      AC:  4    Str: 11    XL:     8   Next: 39%
Magic:  0/13       EV: 12    Int: 16    God:    Uskayaw [*.....]
Gold:   335        SH:  0    Dex: 18    Spells: 8/14 levels left

rFire    . . .     SeeInvis .   a - +2 dagger (drain)
rCold    . . .     Gourm    .   (no shield)
rNeg     . . .     Faith    .   A - +0 robe (curse)
rPois    .         Spirit   +   (no helmet)
rElec    .         Reflect  .   (no cloak)
rCorr    .         Harm     .   G - +0 pair of gloves
MR       .....                  F - +0 pair of boots
Stlth    +++.......             (no amulet)
Regen    0.3/turn               (no ring)
MPRegen  0.2/turn               (no ring)

@: berserk cooldown, slowed, very slow
A: talons 1, thin skeletal structure 2, powered by death 2, magic shield
a: Stomp, Renounce Religion


You were on level 7 of the Dungeon.
You worshipped Uskayaw.
Uskayaw was noncommittal.
You were hungry.

You visited 2 branches of the dungeon, and saw 9 of its levels.

You collected 335 gold pieces.

Inventory:

Hand Weapons
 a - a +2 dagger of draining (weapon)
   (You took it off an orc wizard on level 4 of the Dungeon)
 k - a +0 club
 m - a +0 scythe
 n - a +0 whip
 s - a +0 shortbow
 u - a +0 hunting sling
 v - a +0 flail
 x - a +0 hand axe of electrocution
   (You found it on level 4 of the Dungeon)
 C - the +0 whip "Qikh" {chaos, rC- Str+3 SInv Stlth+}
   (You found it on level 6 of the Dungeon)

   Each time it hits an enemy it has a different, random effect.
   It affects your strength (+3).
   It makes you vulnerable to cold.
   It lets you see invisible.
   It makes you more stealthy.
 E - a +0 short sword
 J - a +1 flail of crushing
   (You took it off an orc on level 5 of the Dungeon)
Missiles
 d - 16 tomahawks
 i - 36 stones (quivered)
 j - 117 arrows
 l - 31 sling bullets
Armour
 f - a +0 plate armour
 w - a +0 scale mail
 A - a cursed +0 robe (worn)
 B - a +0 ring mail
 F - a +0 pair of boots (worn)
 G - a +0 pair of gloves (worn)
Magical Staves
 y - an uncursed staff of wizardry {unknown}
   (You found it on level 5 of the Dungeon)
Scrolls
 e - 2 scrolls of recharging
 g - 5 scrolls of teleportation
 o - 3 scrolls of blinking
 r - a scroll of amnesia
 t - 2 scrolls of magic mapping {unknown}
 H - 2 scrolls of enchant armour {unknown}
 L - a scroll of identify
Potions
 q - a potion of curing
 z - 3 potions of haste
 D - 2 potions of magic {unknown}
Books
 b - a book of Callings

   Spells                             Type                      Level
   a - Summon Small Mammal            Summoning                    1
   b - Call Imp                       Summoning                    2
   c - Call Canine Familiar           Summoning                    3
   d - Summon Guardian Golem          Hexes/Summoning              3
   e - Summon Lightning Spire         Summoning/Air                4
   f - Summon Ice Beast               Ice/Summoning                4
Comestibles
 c - 3 bread rations
 h - a royal jelly
 p - 4 meat rations


   Skills:
 + Level 9.1 Fighting
 - Level 1.7 Dodging
 - Level 1.7 Stealth
 - Level 3.5 Spellcasting
 - Level 5.3 Summonings


You had 8 spell levels left.
You knew the following spells:

 Your Spells              Type           Power        Failure   Level  Hunger
c - Call Canine Familiar  Summ           ###.....     6%          3    ###....
i - Call Imp              Summ           ###.....     3%          2    ##.....
z - Summon Small Mammal   Summ           ###.         1%          1    None


Dungeon Overview and Level Annotations

Branches:
Dungeon (8/15)             Temple (1/1) D:4
   Lair: D:8-11

Altars:
Ashenzari
Dithmenos
Elyvilon
Fedhas
Gozag
Hepliaklqana
Kikubaaqudgha
Makhleb
Nemelex Xobeh
Okawaru
Qazlal
Ru
Sif Muna
Trog
Uskayaw
Vehumet
Xom
Yredelemnul
The Shining One

Annotations:
D:4 Edmund


Innate Abilities, Weirdness & Mutations

You have sharp toenails.
You have a moderately thin skeletal structure. (Dex +4, Stealth+)
You regenerate health from kills.
When hurt, damage is shared between your health and your magic reserves.


Message History

The orc warrior dies!
You swap places.
Things that are here:
a trident; a chain mail
There is a stone staircase leading down here.
Your crimson imp blinks!
Found an escape hatch in the floor.
Your crimson imp blinks!
Okay, then.
Found 19 arrows.
You are feeling hungry.
A red film seems to cover your vision as you go berserk!
You feel yourself moving faster!
You feel mighty!
You puncture Menkaure!
Menkaure is heavily damaged.
Your quokka disappears in a puff of smoke!
Menkaure gestures at you while chanting.
Pain shoots through your body!
* * * LOW HITPOINT WARNING * * *
Your hound bites Menkaure.
You hit Menkaure.
Menkaure is severely damaged.
You barely miss Menkaure.
Menkaure is severely damaged.
Your hound completely misses Menkaure.
Menkaure casts a spell.
Menkaure seems to speed up.
You hit Menkaure.
Menkaure is almost destroyed.
Your hound bites Menkaure but does no damage.
Menkaure hits you.
* * * LOW HITPOINT WARNING * * *
You can now pass through a line of other dancers.
You puncture Menkaure!
You destroy Menkaure!
Your Fighting skill increases to level 9!
Okay, then.
You feel a strong urge to attack something.
You feel your anger subside.
A sky beast comes into view.
You are no longer berserk.
You are exhausted.
You feel yourself slow down.
Your hound disappears in a puff of smoke!
You hit the sky beast but do no damage. The sky beast hits you.
The sky beast shocks you.
* * * LOW HITPOINT WARNING * * *
Your crimson imp blinks!
The sky beast flickers out of sight!
Deactivating autopickup; reactivate with Ctrl-A.
Something hits you.
* * * LOW HITPOINT WARNING * * *
Something shocks you.
* * * LOW HITPOINT WARNING * * *
You can no longer pass through a line of other dancers.
Something hits you.
* * * LOW HITPOINT WARNING * * *
Something shocks you.
* * * LOW HITPOINT WARNING * * *
A sky beast appears from thin air!
Reactivating autopickup.
The sky beast hits you but does no damage.
You swap places.
Your crimson imp hits the sky beast but does no damage.
The sky beast barely misses your crimson imp.
Your crimson imp blinks!
The sky beast flickers out of sight!
Deactivating autopickup; reactivate with Ctrl-A.
A sky beast appears from thin air!
Reactivating autopickup.
Your crimson imp blinks!
The sky beast hits you.
* * * LOW HITPOINT WARNING * * *
The sky beast shocks you.
* * * LOW HITPOINT WARNING * * *
The sky beast flickers out of sight!
Deactivating autopickup; reactivate with Ctrl-A.
Something completely misses you. Something hits you.
* * * LOW HITPOINT WARNING * * *
Something shocks you.
* * * LOW HITPOINT WARNING * * *
Okay, then.
Something hits you but does no damage.
Your crimson imp barely misses something.
A sky beast appears from thin air!
Reactivating autopickup.
Your crimson imp blinks!
The sky beast flickers out of sight!
Deactivating autopickup; reactivate with Ctrl-A.
Something hits you.
* * * LOW HITPOINT WARNING * * *
Something shocks you.
* * * LOW HITPOINT WARNING * * *
A sky beast appears from thin air!
Reactivating autopickup.
The sky beast hits you.
* * * LOW HITPOINT WARNING * * *
The sky beast shocks you.
You die...

.................# .#
.....####..5..#.#####.#
......##.........#....#
......#............#
..#.........>..§..##
###...#........§#..# #
#...#........§##.# #
###....).....Y##.# #
###.........@..# #
#.........#### #
#.........# #
#.........# #.....<...#
#.........# ##.......##
##.....## #######


You could see a sky beast and a friendly crimson imp.

Vanquished Creatures
  Menkaure (D:7)
  An orc warrior (D:5)
  An ice beast (D:6)
  A hound (D:5)
  An orc priest (D:6)
  3 orc wizards
  An iguana (D:6)
  A worker ant (D:7)
  A killer bee zombie (D:7)
  3 adders
  An adder zombie (D:6)
  An adder skeleton (D:5)
  A worm (D:2)
  4 dart slugs
  A leopard gecko (D:3)
  10 orcs
  A ball python (D:4)
  A giant cockroach (D:2)
  2 goblins
  A jackal (D:3)
  3 quokkas
  6 bats
  3 frilled lizards
  4 rats
53 creatures vanquished.

Vanquished Creatures (collateral kills)
  Grinder (D:4)
  Sigmund (D:5)
  An orc warrior (D:7)
  3 ogres
  A centaur (D:5)
  2 bullfrogs (D:6)
  3 scorpions
  A centaur zombie (D:6)
  2 hounds (D:5)
  3 jellies (D:5)
  Terence (D:3)
  A worker ant (D:5)
  A worker ant zombie (D:5)
  3 gnolls (D:2)
  An adder (D:5)
  An ooze (D:3)
  2 worms (D:2)
  3 leopard geckos
  18 orcs
  3 bats (D:2)
  A giant cockroach (D:1)
  2 goblins (D:2)
  5 hobgoblins (D:2)
  3 jackals
  5 kobolds
  A quokka (D:2)
  2 ball pythons
  A quokka zombie (D:5)
72 creatures vanquished.

Grand Total: 125 creatures vanquished

Notes
Turn   | Place    | Note
-------+----------+-------------------------------------------
     0 | D:1      | tidbits the Demonspawn Summoner began the quest for the Orb.
     0 | D:1      | Reached XP level 1. HP: 13/13 MP: 3/3
   190 | D:2      | Gained mutation: You have a somewhat thin skeletal structure. (Dex +2, Stealth) [demonic ancestry]
   190 | D:2      | Reached XP level 2. HP: 18/19 MP: 1/5
   194 | D:2      | Learned a level 2 spell: Call Imp
   629 | D:2      | Found a shadowy altar of Dithmenos.
   731 | D:2      | Gained mutation: You regenerate a little health from kills. [demonic ancestry]
   731 | D:2      | Reached XP level 3. HP: 13/24 MP: 2/7
   790 | D:2      | Learned a level 3 spell: Call Canine Familiar
   977 | D:2      | Reached skill level 3 in Spellcasting
  1159 | D:3      | Noticed a sky beast
  1165 | D:3      | Gained mutation: You regenerate health from kills. [demonic ancestry]
  1165 | D:3      | Reached XP level 4. HP: 30/30 MP: 4/8
  1204 | D:3      | HP: 2/30 [sky beast (6)]
  1507 | D:3      | Noticed Terence
  1515 | D:3      | Killed Terence
  1515 | D:3      | Reached skill level 5 in Summonings
  1684 | D:4      | Noticed Edmund
  1806 | D:5      | Entered Level 5 of the Dungeon
  1948 | D:5      | Reached skill level 1 in Fighting
  1948 | D:5      | Gained mutation: You have a moderately thin skeletal structure. (Dex +4, Stealth+) [demonic ancestry]
  1948 | D:5      | Reached XP level 5. HP: 35/37 MP: 5/10
  1988 | D:6      | Got an ebony whip
  1989 | D:6      | Identified the cursed +0 whip "Qikh" {chaos, rC- Str+3 SInv Stlth+} (You found it on level 6 of the Dungeon)
  2033 | D:6      | Reached skill level 2 in Fighting
  2138 | D:5      | Reached skill level 3 in Fighting
  2149 | D:5      | Noticed an ogre
  2169 | D:5      | Killed an ogre
  2169 | D:5      | Reached XP level 6. HP: 44/47 MP: 5/11
  2191 | D:5      | Noticed Sigmund
  2202 | D:5      | Killed Sigmund
  2202 | D:5      | Reached skill level 4 in Fighting
  2343 | D:5      | Reached skill level 5 in Fighting
  2457 | D:5      | Gained mutation: When hurt, damage is shared between your health and your magic reserves. [demonic ancestry]
  2457 | D:5      | Reached XP level 7. HP: 47/56 MP: 5/12
  2646 | D:4      | Found a staircase to the Ecumenical Temple.
  2655 | Temple   | Entered the Ecumenical Temple
  2695 | Temple   | Became a worshipper of Uskayaw the Reveler
  2732 | D:4      | Reached skill level 6 in Fighting
  2759 | D:4      | Reached * piety under Uskayaw
  2764 | D:4      | Reached ** piety under Uskayaw
  2828 | D:4      | Reached *** piety under Uskayaw
  2833 | D:4      | Noticed Grinder
  2876 | D:4      | Paralysed by Grinder for 3 turns
  2880 | D:4      | Killed Grinder
  2880 | D:4      | Reached skill level 7 in Fighting
  3059 | D:7      | Noticed Menkaure
  3095 | D:6      | Gained mutation: You have sharp toenails. [demonic ancestry]
  3095 | D:6      | Reached XP level 8. HP: 58/68 MP: 11/13
  3160 | D:6      | Reached skill level 8 in Fighting
  3364 | D:7      | Killed Menkaure
  3364 | D:7      | Reached skill level 9 in Fighting
  3387 | D:7      | HP: 7/71 [something (4)]
  3387 | D:7      | HP: 3/71 [something (4)]
  3388 | D:7      | HP: 1/71 [sky beast (2)]
  3388 | D:7      | Slain by a sky beast

Skill      XL: |  1  2  3  4  5  6  7  8 |
---------------+-------------------------+-----
Spellcasting   | 3 |  3.5
Summonings     | 5 |  5.3
Fighting       | 1 3 5 7 9 |  9.1
Dodging        | |  1.7
Stealth        | |  1.7

Action                   |  1- 3 |  4- 6 |  7- 9 || total
-------------------------+-------+-------+-------++-------
Melee: Unarmed           |     6 |       |       ||     6
       Club              |    43 |       |       ||    43
       Short sword       |    30 |    92 |     9 ||   131
       Dagger            |       |       |    84 ||    84
       Flail             |       |       |    25 ||    25
 Cast: Summon Small Mamm |    27 |    18 |     5 ||    50
       Call Imp          |     4 |    13 |    12 ||    29
       Call Canine Famil |     5 |    17 |    15 ||    37
  Use: Scroll            |     2 |     4 |     2 ||     8
       Potion            |       |     1 |     1 ||     2
 Stab: Sleeping          |     7 |     2 |     3 ||    12
       Distracted        |       |     2 |     1 ||     3
  Eat: Chunk             |     2 |     5 |     5 ||    12
       Fruit             |       |     2 |       ||     2
Armor: Robe              |    13 |    18 |    15 ||    46
       Ring mail         |       |    15 |       ||    15
Dodge: Dodged            |    61 |    53 |    65 ||   179

Table legend:
 A = Turns spent in this place as a percentage of turns spent in the entire game.
 B = Non-inter-level travel turns spent in this place as a percentage of non-inter-level travel turns spent in the entire game.
 C = Inter-level travel turns spent in this place as a percentage of turns spent in this place.
 D = Turns resting spent in this place as a percentage of non-inter-level travel turns spent in this place.
 E = Turns spent auto-exploring this place as a percentage of non-inter-level travel turns spent in this place.
 F = Non-inter-level travel turns spent in this place divided by the number of levels of this place that you've seen.
                   A       B       C       D       E      F
               +-------+-------+-------+-------+-------+----------------------
         Total | 100.0 | 100.0 |   0.2 |   0.0 |   0.0 | 365.0
       Dungeon |  98.5 |  98.5 |   0.1 |   0.0 |   0.0 | 404.5
        Temple |   1.5 |   1.5 |   2.0 |   0.0 |   0.0 |  49.0
               +-------+-------+-------+-------+-------+----------------------

Table legend:
 A = Kills in this place as a percentage of kills in entire the game.
 B = Kills by you in this place as a percentage of kills by you in the entire game.
 C = Kills by friends in this place as a percentage of kills by friends in the entire game.
 D = Other kills in this place as a percentage of other kills in the entire game.
 E = Experience gained in this place as a percentage of experience gained in the entire game.
 F = Experience gained in this place divided by the number of levels of this place that you have seen.
                   A       B       C       D       E      F
               +-------+-------+-------+-------+-------+----------------------
         Total | 100.0 | 100.0 | 100.0 |  -nan | 100.0 | 218.1
       Dungeon | 100.0 | 100.0 | 100.0 |  -nan | 100.0 | 245.4
               +-------+-------+-------+-------+-------+----------------------

Vault maps used:
D:1:      saegor_arrival_under_anarchy
D:2:      minmay_diamond_boxcup, grunt_dithmenos_smoke
D:3:      uniq_terence
D:4:      minmay_temple_entry_statues_fountains, first_bread, uniq_edmund,
          uniq_blork_the_orc, uniq_grinder
D:5:      minivault_11, uniq_sigmund
D:6:      item_on_display_a, uniq_prince_ribbit1
D:7:      gammafunk_temple_overflow_pools, serial_bayou, serial_bayou_crossing,
          serial_bayou_shore_b, serial_bayou_shore_a, serial_bayou_pond_b,
          grunt_livestock, uniq_menkaure
D:8:      serial_shops, shop_fountains
Temple:   hc_temple_tempest_star
